 Dungeon Crawl Stone Soup version 0.19-a0-1007-g133f65f (webtiles) character file.

124065 4thArraOfDagon the Grappler (level 16, -10/169 HPs)
             Began as a Troll Abyssal Knight on July 19, 2016.
             Was the Champion of Lugonu.
             Mangled by a faun
             ... wielding a +0 quarterstaff
              (13 damage)
             ... on level 3 of the Shoals.
             The game lasted 01:32:39 (15346 turns).

4thArraOfDagon the Grappler (Troll Abyssal Knight) Turns: 15346, Time: 01:32:39

Health: -10/169    AC: 36    Str: 22    XL:     16   Next: 38%
Magic:  22/24      EV: 11    Int: 19    God:    Lugonu [******]
Gold:   808        SH: 18    Dex:  8    Spells: 7 memorised, 8 levels left

rFire  + . .     SeeInvis .       - Unarmed
rCold  x . .     Gourm    +     (armour currently unavailable)
rNeg   + . .     Faith    .     e - +5 shield {AC+3}
rPois  ∞         Spirit   .     w - +1 hat of Winter {MR+ Str-4 Int+4}
rElec  +         Dismiss  .     W - +2 cloak
rCorr  .         Reflect  .     (gloves unavailable)
SustAt .         Harm     .     (boots unavailable)
MR     +++..                    I - amulet of rage
Stlth  +.........               i - ring of Xom's Benevolence {Fire rElec Str+4 Int+4}
                                j - ring of protection from magic

@: statue-form, very slow, extremely resistant to hostile enchantments, very
unstealthy
A: unfitting armour, claws 3, horns 1, large bone plates 1, rough black scales
1, dopey 1, fast metabolism 3, frail 1, gourmand, regeneration 2, (shaggy fur
0), electricity resistance, (tough skin 0), weak 1, wild magic 1
a: End Transformation, Depart the Abyss, Bend Space, Banish, Corrupt, Enter the
Abyss, Brand Weapon With Distortion, Renounce Religion, Evoke Berserk Rage


You were on level 3 of the Shoals.
You worshipped Lugonu.
Lugonu was exalted by your worship.
You were full.
You were a stone statue.
You visited 4 branches of the dungeon, and saw 27 of its levels.
You visited the Abyss 1 time.
You also visited: Labyrinth and Ice Cave.

You collected 2083 gold pieces.
You spent 1275 gold pieces at shops.

Inventory:

Hand Weapons
 R - a +3 scimitar of flaming
Missiles
 f - 7 throwing nets (quivered)
 E - 40 large rocks
 M - 7 tomahawks of dispersal
Armour
 e - a +5 shield of protection (worn)
 w - the +1 hat of Winter (worn) {MR+ Str-4 Int+4}
   (You acquired it on level 5 of the Lair of Beasts)

   It affects your strength (-4).
   It affects your intelligence (+4).
   It affects your resistance to hostile enchantments.
 S - a +0 troll leather armour
 T - a +2 robe of the Archmagi (melded)
 W - a +2 cloak (worn)
Magical Staves
 y - an uncursed staff of wizardry {!a}
 Z - an uncursed staff of air
Rods
 H - a +3 rod of clouds (10/10)
   (You took it off a minotaur in a labyrinth)
Jewellery
 i - the ring of Xom's Benevolence (right claw) {Fire rElec Str+4 Int+4}
   (You found it on level 6 of the Lair of Beasts)

   [ring of fire]

   It enhances your fire magic, and weakens your ice magic.
   It affects your strength (+4).
   It affects your intelligence (+4).
   It protects you from fire.
   It makes you vulnerable to cold.
   It insulates you from electricity.
 j - a ring of protection from magic (left claw)
 o - an uncursed ring of resist corrosion
 p - an uncursed ring of see invisible
 I - an amulet of rage (around neck)
Wands
 l - a wand of hasting (5/9)
 m - a wand of paralysis (15/24)
 u - a wand of lightning (4/15)
 x - a wand of teleportation (7/9)
 D - a wand of teleportation (2/9)
 J - a wand of random effects (29/48)
 K - a wand of polymorph (7/24)
 N - a wand of digging (8/24)
Scrolls
 a - 3 scrolls of teleportation
 c - a scroll of magic mapping
 d - a scroll of amnesia
 g - 7 scrolls of remove curse
 h - 5 scrolls of brand weapon
 n - 2 scrolls of enchant armour
 q - 5 scrolls of noise
 t - a scroll of holy word
 v - 3 scrolls of identify
 C - 3 scrolls of immolation
 O - 6 scrolls of fear
 P - a scroll of blinking
 Q - a scroll of silence
Potions
 k - 3 potions of might
 r - a potion of resistance
 z - 2 potions of agility
 A - 7 potions of haste
 B - a potion of invisibility
 U - 2 potions of berserk rage
 V - a potion of cancellation
 X - a potion of heal wounds
 Y - 6 potions of curing
Books
 F - a book of the Earth

   Spells                             Type                      Level
   a - Leda's Liquefaction            Hexes/Earth                  4
   b - Bolt of Magma                  Conjuration/Fire/Earth       5
   c - Statue Form                    Transmutation/Earth          6
   d - Iron Shot                      Conjuration/Earth            6
   e - Shatter                        Earth                        9
 G - a book of Cantrips

   Spells                             Type                      Level
   a - Confusing Touch                Hexes                        1
   b - Animate Skeleton               Necromancy                   1
   c - Summon Small Mammal            Summoning                    1
   d - Apportation                    Translocation                1
 L - a book of the Sky

   Spells                             Type                      Level
   a - Summon Lightning Spire         Summoning/Air                4
   b - Airstrike                      Air                          4
   c - Silence                        Hexes/Air                    5
   d - Deflect Missiles               Charms/Air                   6
   e - Conjure Ball Lightning         Conjuration/Air              6
   f - Tornado                        Air                          9
Comestibles
 b - 11 bread rations
 s - 9 meat rations


   Skills:
 + Level 6.2 Fighting
 + Level 5.5 Dodging
 - Level 10.4 Shields
 * Level 13.7 Unarmed Combat
 - Level 6.0 Spellcasting
 - Level 10.1 Transmutations
 - Level 11.8 Earth Magic
 - Level 7.1 Invocations
 - Level 2.8 Evocations


You had 8 spell levels left.
You knew the following spells:

 Your Spells              Type           Power        Failure   Level  Hunger
a - Sublimation of Blood  Necr           #.........   24%         2    None
b - Statue Form           Tmut/Erth      ######...    28%         6    #######
c - Silence               Hex/Air        #.........   100%        5    #####..
d - Blink                 Tloc           N/A          24%         2    None
e - Repel Missiles        Chrm/Air       #.....       24%         2    None
f - Apportation           Tloc           #.........   17%         1    None
g - Animate Skeleton      Necr           N/A          17%         1    None


Dungeon Overview and Level Annotations

Branches:
Dungeon (15/15)            Temple (0/1) D:5            Lair (6/6) D:9
 Shoals (4/4) Lair:4        Snake (0/4) Lair:3        Slime (0/5) Lair:5
    Orc (2/2) D:12            Elf (0/3) Orc:2        Vaults (0/5) D:14
 Depths (0/5) D:15

Altars:
Qazlal
Ru
Sif Muna

Shops:
D:12 !:?   D:13 %   Orc:2 [:(!

Annotations:
D:4 p0werm0de's ghost, amateur OpCK
D:14 corrupted
D:15 corrupted


Innate Abilities, Weirdness & Mutations

You are too large for most types of armour.
You have claws for hands.
Your metabolism is lightning-fast.
You like to eat raw meat.
You heal very quickly.
((You are covered in fur. (AC +1)))
((You have very tough skin. (AC +2)))
You have a pair of small horns on your head.
(You are partially covered in large bone plates. (AC +2, SH +2))
(You are partially covered in rough black scales. (AC +4, Dex -1))
You are dopey. (Int -2)
You are frail. (-10% HP)
You are resistant to electric shocks. (rElec)
You are weak. (Str -2)
Your spells are a little harder to cast, but a little more powerful.


Message History

The throwing net closely misses the faun.
The faun hits you but does no damage. You block the faun's attack.
Unknown command.
Unknown command.
Throwing (i - inventory. (,) - cycle):
f - 8 throwing nets (quivered)
Press: ? - help, Shift-Dir - straight line, f/p - faun
Aim: a faun, wielding a spear (unusually strong)
You throw a throwing net.
The throwing net barely misses the faun.
You block the faun's attack.
The faun hits you with an uncursed quarterstaff!!
* * * LOW HITPOINT WARNING * * *
The faun closely misses you. The faun hits you but does no damage.
Unknown command.
Unknown command.
You feel much better.
The faun hits you with an uncursed spear!!
* * * LOW HITPOINT WARNING * * *
The faun hits you with an uncursed quarterstaff!
You die...

≈≈≈≈≈≈#..≈≈≈≈≈≈≈≈≈.#P≈≈≈≈≈≈≈≈≈#
≈≈≈≈≈≈#.≈≈≈≈≈≈≈≈≈≈≈≈P≈P≈P≈≈≈≈≈#
≈≈≈≈≈≈...≈≈≈≈≈≈≈≈≈.≈≈≈≈≈≈≈≈≈≈≈#
≈≈≈≈)......≈≈≈≈≈P≈P≈P≈≈≈P≈≈≈≈≈#
.≈)≈)).#......#..P≈P≈≈≈≈≈≈≈≈≈≈#
..≈..≈.....#.###.PP≈≈≈≈≈≈≈≈≈≈≈#
..........######...≈P≈≈≈≈≈≈≈≈≈#
...)......##....[(....≈≈≈≈≈≈≈≈#
..≈≈≈[....###..(8.....(≈≈≈≈≈≈≈#
...≈≈≈.........cc.....≈≈≈≈≈≈≈≈#
≈..≈≈≈.........###..≈≈≈≈≈≈≈≈≈≈#
≈≈≈≈≈≈.........###...≈≈≈≈≈≈≈≈≈#
≈≈≈≈≈≈≈...............≈≈≈≈≈≈≈≈#
≈≈≈≈≈≈≈.....(........≈≈≈≈≈≈≈≈
≈≈≈≈≈≈≈...........≈≈≈≈≈≈≈≈≈≈≈
≈≈≈≈≈.≈...##(.......≈≈≈≈≈≈≈≈≈
≈≈≈≈≈≈.....##)####....≈≈≈≈≈≈≈


You could see 2 fauns.

Vanquished Creatures
  Polyphemus (Shoals:2)
  Agnes (D:15)
  Donald (Shoals:4)
  An orc warlord (Orc:2)
  A minotaur (Lab)
  8 merfolk impalers
  A fire dragon (Lair:6)
  Fannar (D:10)
  2 merfolk avatars (Shoals:2)
  3 merfolk aquamancers (Shoals:3)
  3 catoblepae
  A dancing weapon (D:14)
  3 centaur warriors
  4 satyrs (Shoals:3)
  9 death yaks
  3 orc high priests (Orc:2)
  Nergalle (D:12)
  3 unseen horrors
  4 sea snakes
  A giant orange brain (D:12)
  19 harpies
  A wizard (D:14)
  A hill giant (D:12)
  A necromancer (IceCv)
  5 orc knights
  9 griffons
  A faun (Shoals:1)
  7 manticores
  An ugly thing (D:11)
  2 deep elf magi
  4 orc sorcerers (Orc:2)
  10 cyclopes
  An oklob plant (Lair:5)
  9 sirens
  Joseph (D:7)
  An elephant (Lair:6)
  2 water nymphs
  3 black mambas
  3 ice statues (IceCv)
  11 spiny frogs
  8 rime drakes (Lair:6)
  3 komodo dragons
  3 kobold demonologists
  An efreet (D:14)
  5 ice devils (IceCv)
  2 two-headed ogres
  23 merfolk
  8 polar bears (Lair:6)
  6 trolls
  Prince Ribbit (D:8)
  3 wind drakes (Shoals:1)
  4 slime creatures (D:13)
  13 blink frogs
  3 snapping turtles
  3 raiju (Lair:6)
  A shadow (D:13)
  7 wyverns
  3 fire bats (Lair:2)
  7 water elementals
  A wraith (D:11)
  A basilisk (Lair:6)
  12 hippogriffs
  44 yaks
  2 steam dragons (Lair:6)
  A hungry ghost (D:8)
  2 mottled dragons
  12 wargs
  7 hell hounds (Lair:6)
  17 water moccasins
  Duvessa (D:7)
  2 porcupines
  A swamp drake (Lair:6)
  28 orc warriors
  3 ice beasts
  3 sky beasts
  14 black bears
  2 wasps
  8 centaurs
  9 ogres
  17 wolves
  18 crocodiles
  3 big kobolds
  11 giant frogs
  A gnoll sergeant (D:9)
  A wyvern zombie (D:11)
  Dowan (D:7)
  2 scorpions
  10 killer bees
  3 wights
  2 howler monkeys (D:13)
  A troll skeleton (Lab)
  3 crimson imps
  4 centaur zombies
  A quasit (D:11)
  2 giant frog zombies
  21 hounds
  2 jellies
  2 gnoll shamans
  12 iguanas
  16 orc priests
  30 orc wizards
  3 centaur skeletons
  7 worker ants
  A killer bee zombie (D:9)
  24 sheep
  A centaur simulacrum (IceCv)
  2 ogre skeletons (Lab)
  A mummy (D:7)
  A worker ant zombie (D:9)
  15 gnolls
  11 adders
  34 river rats
  A shadow imp (D:6)
  An adder zombie (D:8)
  An adder skeleton (D:8)
  A dart slug (D:2)
  80 orcs
  5 bats
  8 giant cockroaches
  3 goblins
  A hobgoblin (D:3)
  4 jackals (D:9)
  13 kobolds
  2 quokkas
  A ball python (Lair:3)
  A giant newt (D:3)
  A hobgoblin zombie (D:7)
  2 orc zombies (D:7)
  4 rats
  2 plants
812 creatures vanquished.

Vanquished Creatures (others)
  2 ice dragons (D:15)
  A centaur warrior (D:15)
  6 hydras
  2 merfolk aquamancers
  A satyr (Shoals:3)
  A dancing weapon (D:14)
  A hill giant (D:14)
  An orc sorcerer (Orc:1)
  3 ugly things (D:11)
  2 black mambas
  A torpor snail (Lair:5)
  A troll (D:12)
  A blink frog (Lair:3)
  A wraith (D:10)
  A yak (D:9)
  A wyvern (D:9)
  A basilisk (Lair:6)
  4 vampire mosquitoes (D:14)
  2 orc warriors
  A giant frog (D:15)
  A killer bee (D:9)
  An orc wizard (D:15)
  2 orcs (D:15)
  A kobold (D:14)
  12 fungi
  33 plants
  9 starspawn tentacles
  31 starspawn tentacle segments (D:14)
124 creatures vanquished.

Grand Total: 936 creatures vanquished

Notes
Turn   | Place    | Note
-------+----------+-------------------------------------------
     0 | Abyss:1  | 4thArraOfDagon the Troll Abyssal Knight began the quest for the Orb.
     0 | Abyss:1  | Reached XP level 1. HP: 22/22 MP: 1/1
    26 | Abyss:1  | Noticed a large abomination
    29 | Abyss:1  | Noticed a neqoxec
    82 | Abyss:2  | Noticed a wraith
    84 | D:1      | Escaped the Abyss
   149 | D:1      | You fall through a shaft!
   172 | D:2      | Reached XP level 2. HP: 25/29 MP: 2/2
   244 | D:2      | Reached skill level 1 in Shields
   244 | D:2      | Reached XP level 3. HP: 32/36 MP: 3/3
   247 | D:2      | Reached * piety under Lugonu
   252 | D:2      | Found a stormy altar of Qazlal.
   333 | D:3      | Learned a level 2 spell: Sublimation of Blood
   428 | D:2      | Reached XP level 4. HP: 44/44 MP: 4/4
   472 | D:4      | Reached skill level 3 in Unarmed Combat
   500 | D:4      | Noticed p0werm0de's ghost (amateur OpCK)
   613 | D:3      | Noticed an ice beast
   690 | D:3      | Killed an ice beast
   690 | D:3      | Reached XP level 5. HP: 33/50 MP: 5/5
   820 | D:1      | Reached ** piety under Lugonu
   921 | D:5      | Entered Level 5 of the Dungeon
   921 | D:5      | Found a staircase to the Ecumenical Temple.
   944 | D:5      | Reached skill level 4 in Unarmed Combat
   978 | D:6      | Noticed a sky beast
   998 | D:6      | Killed a sky beast
   998 | D:6      | Reached XP level 6. HP: 36/59 MP: 5/7
  1056 | D:6      | Noticed a wyvern
  1066 | D:6      | Gained mutation: Your spells are a little harder to cast, but a little more powerful. [potion of mutation]
  1066 | D:6      | Gained mutation: You are frail. (-10% HP) [potion of mutation]
  1073 | D:6      | Killed a wyvern
  1235 | D:6      | Reached skill level 5 in Unarmed Combat
  1235 | D:6      | Reached XP level 7. HP: 36/59 MP: 8/8
  1612 | D:7      | Noticed Joseph
  1633 | D:7      | Killed Joseph
  1633 | D:7      | Reached skill level 5 in Shields
  1633 | D:7      | Reached skill level 6 in Unarmed Combat
  1633 | D:7      | Reached XP level 8. HP: 32/66 MP: 8/10
  1713 | D:7      | Noticed Duvessa
  1720 | D:7      | Noticed Dowan
  1730 | D:7      | Killed Duvessa
  1733 | D:7      | Killed Dowan
  1875 | D:8      | Noticed Prince Ribbit
  1899 | D:8      | Killed Prince Ribbit
  1899 | D:8      | Reached skill level 7 in Unarmed Combat
  2039 | D:8      | Reached *** piety under Lugonu
  2206 | D:8      | Reached skill level 5 in Invocations
  2206 | D:8      | Reached XP level 9. HP: 72/72 MP: 11/11
  2430 | D:8      | Reached skill level 8 in Unarmed Combat
  2540 | D:9      | Reached **** piety under Lugonu
  2782 | D:9      | Reached skill level 9 in Unarmed Combat
  2915 | D:9      | Reached XP level 10. HP: 71/79 MP: 13/13
  3187 | D:10     | Entered Level 10 of the Dungeon
  3196 | D:10     | Reached skill level 10 in Unarmed Combat
  3330 | D:10     | Noticed Fannar
  3343 | D:11     | Noticed a purple ugly thing
  3344 | D:11     | Banished a purple ugly thing
  3457 | D:11     | Noticed a brown ugly thing
  3458 | D:11     | Banished a brown ugly thing
  3464 | D:11     | Noticed a purple ugly thing
  3483 | D:11     | Killed a purple ugly thing
  3495 | D:11     | Gained mutation: You are partially covered in large bone plates. (AC +2, SH +2) [mutagenic meat]
  3498 | D:11     | Gained mutation: You are very frail. (-20% HP) [mutagenic meat]
  3791 | D:12     | Found Ivalamn's Magic Scroll Shop.
  3797 | D:12     | Bought a scroll of magic mapping for 45 gold pieces
  3797 | D:12     | Bought a scroll of enchant armour for 97 gold pieces
  3797 | D:12     | Bought a scroll of identify for 26 gold pieces
  3797 | D:12     | Bought a scroll of identify for 26 gold pieces
  3797 | D:12     | Bought a scroll of immolation for 45 gold pieces
  3797 | D:12     | Bought a scroll of random uselessness for 13 gold pieces
  3797 | D:12     | Bought a scroll of teleportation for 39 gold pieces
  3810 | D:12     | Found Pavuvilo's Book Shop.
  3845 | D:12     | Noticed a hill giant
  3856 | D:12     | Killed a hill giant
  3900 | D:12     | Found Zekytor's Distillery.
  3904 | D:12     | Bought a potion of lignification for 33 gold pieces
  3904 | D:12     | Bought a potion of curing for 33 gold pieces
  4004 | D:12     | Reached XP level 11. HP: 65/77 MP: 15/15
  4069 | D:12     | Reached skill level 11 in Unarmed Combat
  4108 | D:12     | Learned a level 6 spell: Statue Form
  4154 | D:13     | Found Zipiu's Food Emporium.
  4179 | D:13     | Killed an unseen horror
  4204 | D:13     | Noticed a six-headed hydra
  4205 | D:13     | Banished a six-headed hydra
  4205 | D:13     | Reached skill level 1 in Earth Magic
  4206 | D:13     | Noticed a centaur warrior
  4218 | D:13     | Reached skill level 1 in Transmutations
  4243 | D:13     | Killed a centaur warrior
  4281 | D:13     | Found a labyrinth entrance.
  4293 | D:13     | Lost mutation: Your spells are a little harder to cast, but a little more powerful. [mutagenic meat]
  4311 | Lab      | Entered a labyrinth
  4346 | Lab      | Reached skill level 1 in Spellcasting
  4423 | Lab      | Noticed a minotaur
  4445 | Lab      | Killed a minotaur
  4676 | D:13     | Noticed a centaur warrior
  4689 | D:13     | Killed a centaur warrior
  4784 | D:13     | Killed an unseen horror
  4784 | D:13     | Reached skill level 1 in Evocations
  4834 | D:13     | Learned a level 5 spell: Silence
  4896 | D:14     | Corrupted D:14
  4896 | D:14     | Noticed an enchanted long sword
  4896 | D:14     | Found a gate to the Vaults.
  4903 | D:14     | Killed an enchanted long sword
  4909 | D:14     | Noticed an enchanted long sword
  4917 | D:14     | Killed an enchanted long sword
  4937 | D:14     | Noticed a tengu warrior
  4937 | D:14     | Noticed a tengu warrior
  4950 | D:14     | Reached XP level 12. HP: 41/84 MP: 16/16
  5079 | D:14     | Found a deep blue altar of Sif Muna.
  5357 | D:14     | Reached skill level 5 in Earth Magic
  5613 | D:15     | Entered Level 15 of the Dungeon
  5618 | D:15     | Found a sacrificial altar of Ru.
  5845 | D:15     | Gained mutation: You are weak. (Str -2) [potion of mutation]
  5845 | D:15     | Gained mutation: Your flesh is heat resistant. (rF+) [potion of mutation]
  5877 | D:15     | Gained mutation: You are dopey. (Int -2) [potion of mutation]
  5877 | D:15     | Lost mutation: You are very frail. (-20% HP) [potion of mutation]
  5877 | D:15     | Gained mutation: You have a pair of small horns on your head. [potion of mutation]
  5901 | D:15     | Noticed Agnes
  5901 | D:15     | Corrupted D:15
  5901 | D:15     | Noticed a profane servitor
  5901 | D:15     | Noticed a tentacled starspawn
  5916 | D:15     | Killed Agnes
  5938 | D:15     | Noticed a tentacled starspawn
  6012 | D:15     | Reached skill level 10 in Shields
  6018 | D:15     | Gained mutation: You are resistant to electric shocks. (rElec) [mutagenic meat]
  6021 | D:15     | Killed an ice dragon
  6085 | D:15     | Noticed a centaur warrior
  6086 | D:15     | Banished a centaur warrior
  6104 | D:15     | Noticed a four-headed hydra
  6105 | D:15     | Banished a four-headed hydra
  6137 | D:15     | Noticed a centaur warrior
  6146 | D:15     | Killed a centaur warrior
  6273 | D:15     | Noticed an ice dragon
  6275 | D:15     | Banished an ice dragon
  6278 | D:15     | Found a staircase to the Depths.
  6387 | D:12     | Found a staircase to the Orcish Mines.
  6435 | D:12     | Noticed a six-headed hydra
  6436 | D:12     | Banished a six-headed hydra
  6452 | D:12     | Reached skill level 5 in Transmutations
  6510 | D:12     | Noticed Nessos
  6514 | D:12     | Noticed Nergalle
  6522 | D:12     | Noticed Nessos
  6522 | D:12     | Nessos changed into Nessos the giant orange brain
  6540 | D:12     | Killed Nessos the giant orange brain
  6556 | D:12     | Killed Nergalle
  6627 | Orc:1    | Entered Level 1 of the Orcish Mines
  6794 | Orc:2    | Entered Level 2 of the Orcish Mines
  6817 | Orc:2    | Reached XP level 13. HP: 78/101 MP: 17/17
  6988 | Orc:2    | Found a staircase to the Elven Halls.
  7042 | Orc:2    | Noticed an orc warlord
  7557 | Orc:2    | Reached ***** piety under Lugonu
  7864 | Orc:2    | Found Rerusem's Book Shop.
  7864 | Orc:2    | Found Kapecy's Antique Armour Shop.
  7865 | Orc:2    | Found Cahesche's Distillery.
  7870 | Orc:2    | Found Pohon's Weapon Emporium.
  7872 | Orc:2    | Bought an embroidered cloak for 153 gold pieces
  7896 | Orc:2    | Bought 2 potions of haste for 300 gold pieces
  7896 | Orc:2    | Bought 2 potions of heal wounds for 150 gold pieces
  7896 | Orc:2    | Bought 2 potions of lignification for 90 gold pieces
  7896 | Orc:2    | Bought a potion of curing for 45 gold pieces
  7896 | Orc:2    | Bought a potion of heal wounds for 75 gold pieces
  7896 | Orc:2    | Bought a potion of lignification for 45 gold pieces
  7896 | Orc:2    | Bought a potion of agility for 60 gold pieces
  8002 | Orc:2    | Killed an orc warlord
  8293 | D:10     | Killed Fannar
  8382 | D:10     | Learned a level 2 spell: Blink
  8385 | D:10     | Learned a level 2 spell: Repel Missiles
  8722 | D:9      | Found a staircase to the Lair.
  8727 | Lair:1   | Entered Level 1 of the Lair of Beasts
  9151 | Lair:2   | Reached ****** piety under Lugonu
  9673 | Lair:2   | Reached XP level 14. HP: 108/108 MP: 19/19
  9904 | Lair:4   | You fall through a shaft!
 10018 | Lair:5   | Turgon: careful
 10019 | Lair:5   | Turgon: with cato
 10073 | Lair:5   | Identified a +3 rod of clouds (10/10) (You took it off a minotaur in a labyrinth)
 10197 | Lair:5   | Learned a level 1 spell: Apportation
 10199 | Lair:5   | Learned a level 1 spell: Animate Skeleton
 10387 | Lair:4   | Turgon: wow
 10407 | Lair:4   | Lost mutation: Your flesh is heat resistant. (rF+) [potion of mutation]
 10407 | Lair:4   | Gained mutation: You are partially covered in rough black scales. (AC +4, Dex -1) [potion of mutation]
 10407 | Lair:4   | Gained mutation: Your spells are a little harder to cast, but a little more powerful. [potion of mutation]
 10408 | Lair:4   | Turgon: wand hasting!
 10646 | Lair:5   | Identified a scroll of acquirement
 10649 | Lair:5   | Got a crude hat
 10655 | Lair:5   | Identified the +1 hat of Winter {MR+ Str-4 Int+4} (You acquired it on level 5 of the Lair of Beasts)
 10655 | Lair:5   | good
 10673 | Lair:6   | Entered Level 6 of the Lair of Beasts
 10765 | Lair:6   | Found a frozen archway.
 10793 | IceCv    | Entered an ice cave
 10841 | IceCv    | Reached skill level 10 in Earth Magic
 11613 | Lair:6   | Reached skill level 5 in Spellcasting
 12546 | Lair:6   | Identified the ring of Xom's Benevolence {Fire rElec Str+4 Int+4} (You found it on level 6 of the Lair of Beasts)
 12659 | Lair:5   | Found a staircase to the Slime Pits.
 12702 | Lair:5   | Reached XP level 15. HP: 114/114 MP: 22/22
 12845 | Lair:3   | Found a staircase to the Snake Pit.
 13376 | Lair:4   | Found a staircase to the Shoals.
 13492 | Shoals:1 | Entered Level 1 of the Shoals
 13878 | Shoals:1 | Reached skill level 10 in Transmutations
 14018 | Shoals:2 | wweeeee
 14206 | Shoals:2 | Reached skill level 12 in Unarmed Combat
 14331 | Shoals:2 | Noticed Polyphemus
 14359 | Shoals:2 | Killed Polyphemus
 14569 | Shoals:3 | Reached skill level 5 in Fighting
 14695 | Shoals:4 | Entered Level 4 of the Shoals
 14782 | Shoals:3 | Reached XP level 16. HP: 114/126 MP: 22/24
 14861 | Shoals:3 | Reached skill level 13 in Unarmed Combat
 15058 | Shoals:4 | Noticed Donald
 15067 | Shoals:4 | Killed Donald
 15067 | Shoals:4 | Reached skill level 5 in Dodging
 15346 | Shoals:3 | HP: 3/169 [faun/uncursed spear (24)]
 15346 | Shoals:3 | Mangled by a faun

Vault maps used:
D:1:      dpeg_arrival_snail, xom_teletrap_fun
D:2:      lemuel_round_altar
D:4:      kennysheep_ying_yang, first_bread, minmay_fountain_box
D:5:      tgw_kikubaaqudgha
D:7:      minitemple, minmay_mini_ossuary, uniq_joseph, uniq_duvessa
D:8:      uniq_prince_ribbit1, uniq_pikel
D:9:      lair_0_dummy, bh_walls_and_bars
D:10:     uniq_fannar
D:11:     nicolae_trove_entry_free_sample
D:12:     minmay_orc_entry_guard_dogs, serial_shops,
          nicolae_shop_temple_entry_statues_fountains, nicolae_shop_crystal,
          shop, uniq_nessos, uniq_nergalle
D:13:     lab_entry_generic, serial_shops, nicolae_shop_crystal
D:14:     erik_vaults_1, kennysheep_flooded_box
D:15:     grunt_enter_depths_hoard, nicolae_ru_sacrificial_ziggurat, uniq_agnes
Lair:1:   beast_lair_carwin_1, grunt_megastairs_5, bh_autumn_forest_stairs
Lair:2:   beast_lair_carwin_large_3, grunt_megastairs_1
Lair:3:   minmay_snake_entry_six_corridors, grunt_megastairs_2
Lair:4:   elwin_shoals_entry_stream, lemuel_fruit_tree
Lair:5:   slime_dummy, serial_bayou_pond_b
Lair:6:   guppyfry_lair_end_dragon, hangedman_lair_caniforms_friends,
          portal_ice_cave_rime, st_stairs_4, serial_bayou_ford_a
Shoals:2: nicolae_shoals_square_sea_wall, st_cyclops, uniq_polyphemus
Shoals:3: cheibrodos_shoals_roost, nicolae_shoals_aquamancer_cove
Shoals:4: shoals_end_grunt_garden, shoals_ilsuiw_ice, uniq_donald
Orc:2:    st_orc_elflike
Abyss:2:  evilmike_abyss_exit_13
Lab:      labyrinth_mini_lab, labyrinth_glass_1, nicolae_lab_garden,
          labyrinth_fake_exit, nicolae_lab_quarters
IceCv:    ice_cave_tombish

Skill      XL: |  1  2  3  4  5  6  7  8  9 10 11 12 13 14 15 16 |
---------------+-------------------------------------------------+-----
Dodging        | 2 4 5 |  5.5
Shields        | 1 2 3 5 6 7 8 9 10 | 10.4
Invocations    | 2 3 4 5 6 7 |  7.1
Unarmed Combat | 3 4 5 6 7 9 10 11 12 13 | 13.7
Fighting       | 3 5 6 |  6.2
Earth Magic    | 4 6 9 11 | 11.8
Transmutations | 3 5 7 9 10 | 10.1
Spellcasting   | 2 3 4 5 6 |  6.0
Evocations     | 1 2 |  2.8

Action                   |  1- 3 |  4- 6 |  7- 9 | 10-12 | 13-15 | 16-18 || total
-------------------------+-------+-------+-------+-------+-------+-------++-------
Melee: Unarmed           |    41 |    81 |   379 |   716 |  2235 |   139 ||  3591
       Headbutt          |       |       |       |    21 |   337 |    23 ||   381
Throw: Javelin           |       |       |     3 |       |       |       ||     3
       Throwing net      |       |       |       |       |       |     3 ||     3
 Cast: Repel Missiles    |       |       |       |       |     2 |       ||     2
       Statue Form       |       |       |       |       |    14 |     8 ||    22
Invok: Depart the Abyss  |     1 |       |       |       |       |       ||     1
       Banish            |       |       |     1 |    16 |    21 |     2 ||    40
       Corrupt           |       |       |       |     2 |       |       ||     2
       Bend Space        |       |       |       |     1 |     2 |       ||     3
 Abil: Evoke Berserk Rag |       |       |       |       |    19 |       ||    19
       End Transformatio |       |       |       |       |     1 |     1 ||     2
Evoke: Wand              |       |       |     6 |     2 |     5 |       ||    13
       Rod               |       |       |       |       |     1 |       ||     1
  Use: Scroll            |       |     4 |     3 |    20 |    22 |     1 ||    50
       Potion            |       |     6 |     1 |     8 |     8 |     1 ||    24
 Stab: Sleeping          |       |       |       |       |     2 |       ||     2
  Eat: Beef jerky        |     1 |       |       |     1 |     2 |       ||     4
       Royal jelly       |     1 |       |       |       |     2 |       ||     3
       Chunk             |     4 |     8 |    25 |    45 |    98 |    12 ||   192
       Fruit             |       |       |       |     2 |       |       ||     2
       Pizza             |       |       |       |       |     1 |       ||     1
Armor: Robe              |    15 |    32 |   109 |   125 |   206 |     8 ||   495
       Skin              |       |     3 |       |    21 |   309 |   120 ||   453
       Troll leather arm |       |       |       |       |   242 |       ||   242
Dodge: Dodged            |    19 |    22 |   106 |   175 |   528 |    78 ||   928
       Deflected         |       |       |       |       |     5 |       ||     5
Block: Shield            |    14 |    24 |   144 |   433 |  1881 |   252 ||  2748
